 Dungeon Crawl Stone Soup version 0.20.0-8-g6b59dc7 (webtiles) character file.

105 RKaid the Conjurer (level 4, -4/24 HPs)
             Began as a Deep Elf Conjurer on May 31, 2017.
             Killed by divine providence
             ... invoked by an orc priest
              (10 damage)
             ... on level 3 of the Dungeon.
             The game lasted 00:05:26 (2290 turns).

RKaid the Conjurer (Deep Elf Conjurer)              Turns: 2290, Time: 00:05:27

Health: -4/24      AC:  5    Str:  5    XL:     4   Next: 53%
Magic:  3/12       EV: 17    Int: 21    God:
Gold:   103        SH:  0    Dex: 15    Spells: 2/12 levels left

rFire    . . .     SeeInvis .   a - +0 hunting sling
rCold    . . .     Gourm    .   (no shield)
rNeg     . . .     Faith    .   n - +0 robe
rPois    .         Spirit   .   (no helmet)
rElec    .         Reflect  .   (no cloak)
rCorr    .         Harm     .   (no gloves)
MR       .....                  (no boots)
Stlth    ++........             (no amulet)
Regen    0.1/turn               u - +4 ring of evasion
MPRegen  0.2/turn               x - +3 ring of protection

@: very slightly contaminated
A: no striking features
a: no special abilities


You were on level 3 of the Dungeon.
You were not hungry.

You visited 1 branch of the dungeon, and saw 3 of its levels.

You collected 103 gold pieces.

Inventory:

Hand Weapons
 a - a +0 hunting sling (weapon)
   (You found it on level 2 of the Dungeon)
Missiles
 o - 7 curare-tipped needles
Armour
 n - a +0 robe (worn)
   (You found it on level 1 of the Dungeon)
 p - a +0 leather armour of fire resistance
   (You found it on level 1 of the Dungeon)
Jewellery
 d - an uncursed amulet of faith {unknown}
   (You found it on level 2 of the Dungeon)
 h - an uncursed ring of poison resistance {rPois}
   (You found it on level 1 of the Dungeon)
 j - an uncursed ring of resist corrosion
   (You found it on level 1 of the Dungeon)
 u - a +4 ring of evasion (left hand)
   (You found it on level 2 of the Dungeon)
 x - a +3 ring of protection (right hand)
   (You found it on level 1 of the Dungeon)
Scrolls
 e - 2 scrolls of magic mapping {unknown}
 k - 2 scrolls of fog {unknown}
 q - a scroll of teleportation {unknown}
 s - a scroll of enchant weapon {unknown}
 y - a scroll of amnesia {unknown}
Potions
 f - a potion of magic {unknown}
 g - 2 potions of curing {unknown}
 i - a potion of degeneration {unknown}
 l - a potion of lignification {unknown}
 m - a potion of mutation {unknown}
 v - a potion of agility {unknown}
 w - a potion of might {unknown}
Books
 b - a book of Conjurations
Comestibles
 c - 3 bread rations
 r - 3 chunks of flesh
 t - a meat ration


   Skills:
 - Level 2.4 Dodging
 - Level 2.4 Stealth
 + Level 4.5 Spellcasting
 * Level 5.9 Conjurations


You had 2 spell levels left.
You knew the following spells:

 Your Spells              Type           Power        Failure   Level  Hunger
a - Magic Dart            Conj           ####         1%          1    None
b - Searing Ray           Conj           ####..       1%          2    #......
c - Dazzling Spray        Conj/Hex       ###...       10%         3    ##.....
d - Iskenderun's Mystic   Conj           ####....     10%         4    ####...


Dungeon Overview and Level Annotations

Branches:
Dungeon (3/15)

Altars:


Message History

Aiming: Magic Dart
Press: ? - help, Shift-Dir - straight line, f/p - giant cockroach
Aim: a giant cockroach (heavily wounded)
The magic dart hits the giant cockroach.
You kill the giant cockroach!
Casting: Magic Dart
Confirm with . or Enter, or press ? or * to list all spells.
Aiming: Magic Dart
Press: ? - help, Shift-Dir - straight line, f - quokka
Aim: a quokka The magic dart hits the quokka.
Casting: Magic Dart
Confirm with . or Enter, or press ? or * to list all spells.
Aiming: Magic Dart
Press: ? - help, Shift-Dir - straight line, f/p - quokka
Aim: a quokka (almost dead)
The magic dart hits the quokka.
You kill the quokka!
You start resting.
Casting: Magic Dart
Confirm with . or Enter, or press ? or * to list all spells.
Aiming: Magic Dart
Press: ? - help, Shift-Dir - straight line, f - hobgoblin
Aim: a hobgoblin, wielding a club (hasn't noticed you)
The magic dart hits the hobgoblin.
You kill the hobgoblin!
Casting: Magic Dart
Confirm with . or Enter, or press ? or * to list all spells.
You can't see any susceptible monsters within range! (Use Z to cast anyway.)
y - a scroll labeled BAMUUTHRYLY An orc comes into view.
It is wielding a club.
Casting: Magic Dart
Confirm with . or Enter, or press ? or * to list all spells.
Aiming: Magic Dart
Press: ? - help, Shift-Dir - straight line, f - orc
Aim: an orc, wielding a club (resting)
The magic dart hits the orc.
You kill the orc!
An orc priest comes into view. It is wielding a hand axe.
You see here a quokka corpse.
An orc priest is nearby!
Casting: Magic Dart
Confirm with . or Enter, or press ? or * to list all spells.
Aiming: Magic Dart
Press: ? - help, Shift-Dir - straight line, f - orc priest
Aim: an orc priest, wielding a hand axe (resting)
The magic dart hits the orc priest.
The orc priest shouts!
A kobold comes into view. It is wielding a dagger.
Casting: Magic Dart
Confirm with . or Enter, or press ? or * to list all spells.
Aiming: Magic Dart
Press: ? - help, Shift-Dir - straight line, f/p - orc priest
Aim: an orc priest, wielding a hand axe (lightly wounded)
The magic dart hits the orc priest.
The kobold shouts!
Casting: Magic Dart
Confirm with . or Enter, or press ? or * to list all spells.
Aiming: Magic Dart
Press: ? - help, Shift-Dir - straight line, f/p - orc priest
Aim: an orc priest, wielding a hand axe (lightly wounded)
The magic dart hits the orc priest.
A dart slug comes into view.
Casting: Magic Dart
Confirm with . or Enter, or press ? or * to list all spells.
Aiming: Magic Dart
Press: ? - help, Shift-Dir - straight line, f/p - orc priest
Aim: an orc priest, wielding a hand axe (severely wounded)
The magic dart hits the orc priest.
The orc priest looks satisfied for a moment.
An orc priest comes into view.
Casting: Magic Dart
Confirm with . or Enter, or press ? or * to list all spells.
Aiming: Magic Dart
Press: ? - help, Shift-Dir - straight line, f/p - orc priest
Aim: an orc priest, wielding a hand axe (almost dead)
The magic dart hits the orc priest.
You kill the orc priest!
The orc priest moves out of view.
Casting: Magic Dart
Confirm with . or Enter, or press ? or * to list all spells.
Aiming: Dazzling Spray
Press: ? - help, Shift-Dir - straight line, f - kobold
Aim: a kobold, wielding a dagger You miscast Dazzling Spray.
You are very lightly contaminated with residual magic.
Nothing appears to happen.
Casting: Dazzling Spray
Confirm with . or Enter, or press ? or * to list all spells.
You don't have enough magic to cast that spell.
Unknown command.
The adder hisses angrily.
The kobold hits you with a dagger.
The orc priest invokes the aid of Beogh against you.
Beogh smites you!
Ouch! That really hurt!
* * * LOW HITPOINT WARNING * * *
The orc priest mumbles some strange prayers to Beogh against you.
Beogh smites you!
You die...

#.. ##. # ## ## # #.
(.# #.#.######.####
#.......#...... ....
............####....
...............#.)# .
.......@K.#.......#..).
#..######...#.#........
..............[......
....##...o..........#
...?...###..##.†....
..........###...####
.....###..o..........
......##.##..........
.....................


You could see an orc priest and a kobold.

Vanquished Creatures
  An orc priest (D:3)
  2 adders (D:2)
  2 worms (D:2)
  2 dart slugs
  2 leopard geckos (D:1)
  An orc (D:3)
  6 giant cockroaches
  3 goblins
  9 hobgoblins
  4 kobolds
  2 quokkas
  4 bats
  3 frilled lizards
  5 rats
46 creatures vanquished.

Notes
Turn   | Place    | Note
-------+----------+-------------------------------------------
     0 | D:1      | RKaid the Deep Elf Conjurer began the quest for the Orb.
     0 | D:1      | Reached XP level 1. HP: 10/10 MP: 6/6
   282 | D:1      | Reached XP level 2. HP: 15/15 MP: 6/8
  1183 | D:2      | Reached skill level 5 in Conjurations
  1298 | D:2      | Reached XP level 3. HP: 19/19 MP: 5/10
  1623 | D:2      | Reached skill level 4 in Spellcasting
  2210 | D:3      | Reached XP level 4. HP: 24/24 MP: 10/12
  2214 | D:3      | Learned a level 2 spell: Searing Ray
  2221 | D:3      | Learned a level 3 spell: Dazzling Spray
  2229 | D:3      | Learned a level 4 spell: Iskenderun's Mystic Blast
  2288 | D:3      | HP: 6/24 [orc priest/divine providence (15)]
  2290 | D:3      | Killed from afar by an orc priest

Skill      XL: |  1  2  3 |
---------------+----------+-----
Conjurations   | 5 |  5.9
Spellcasting   | 4 |  4.5
Dodging        | |  2.4
Stealth        | |  2.4

Action                   |  1- 3 |  4- 6 || total
-------------------------+-------+-------++-------
 Cast: Magic Dart        |    83 |    15 ||    98
  Eat: Chunk             |     4 |       ||     4
Armor: Robe              |     1 |     1 ||     2
Dodge: Dodged            |     4 |       ||     4

Table legend:
 A = Turns spent in this place as a percentage of turns spent in the entire game.
 B = Non-inter-level travel turns spent in this place as a percentage of non-inter-level travel turns spent in the entire game.
 C = Inter-level travel turns spent in this place as a percentage of turns spent in this place.
 D = Turns resting spent in this place as a percentage of non-inter-level travel turns spent in this place.
 E = Turns spent auto-exploring this place as a percentage of non-inter-level travel turns spent in this place.
 F = Non-inter-level travel turns spent in this place divided by the number of levels of this place that you've seen.
                   A       B       C       D       E      F
               +-------+-------+-------+-------+-------+----------------------
         Total | 100.0 | 100.0 |   1.6 |  11.1 |  22.5 | 102.3
       Dungeon | 100.0 | 100.0 |   1.6 |  11.1 |  22.5 | 102.3
               +-------+-------+-------+-------+-------+----------------------

Table legend:
 A = Kills in this place as a percentage of kills in entire the game.
 B = Kills by you in this place as a percentage of kills by you in the entire game.
 C = Kills by friends in this place as a percentage of kills by friends in the entire game.
 D = Other kills in this place as a percentage of other kills in the entire game.
 E = Experience gained in this place as a percentage of experience gained in the entire game.
 F = Experience gained in this place divided by the number of levels of this place that you have seen.
                   A       B       C       D       E      F
               +-------+-------+-------+-------+-------+----------------------
         Total | 100.0 | 100.0 |  -nan |  -nan | 100.0 |  50.0
       Dungeon | 100.0 | 100.0 |  -nan |  -nan | 100.0 |  50.0
               +-------+-------+-------+-------+-------+----------------------
